AoeStats
← Maty

Arabia

506144679Analyzed
1v1 RM · 19d ago on Sep 12, 2026· 37m 18s· 2 players
Game mode
Random Map
Map size
Tiny (2 player)
Population
200
Speed
Normal
Resources
Standard
Victory
Conquest
Starting age
Dark Age
Ending age
Imperial Age
RankedLock teamsTeams togetherTeam positionsShared explorationLock speedFull tech treeHidden civsTurbo modeCheats
Victory
Defeat
🇳🇱 Franks · Netherlands
2021
+13
🇪🇨 Britons · Ecuador
1950
-13
Maty
7:56 Loom
10:13 Feudal Age
11:00 Double-Bit Axe
16:54 Fletching
22:32 Castle Age
22:06 Padded Archer Armor
22:37 Crossbowman
25:05 Leather Archer Armor
25:00 Bodkin Arrow
26:03 Wheelbarrow
34:36 Ballistics
34:33 Leather Archer Armor
36:41 Pikeman
Loki
5:57 Loom
8:54 Feudal Age
10:58 Double-Bit Axe
16:18 Fletching
18:50 Gold Mining
22:02 Castle Age
22:25 Scale Barding Armor
22:42 Bodkin Arrow
22:10 Elite Skirmisher
23:50 Bow Saw
24:40 Padded Archer Armor
27:58 Leather Archer Armor
28:12 Gold Mining
30:50 Chain Barding Armor
32:32 Gold Shaft Mining
37:07 Imperial Age
35:16 Wheelbarrow
37:42 Forging
Connection lost

Rejoining the realm…

Still unreachable

The connection could not be restored.

Session expired

The server has moved on; the page needs a fresh start.